[Event "Team 45 45 League T51"]
[Site "Internet Chess Club"]
[Date "2011.11.28"]
[Round "3"]
[White "crimsonviper"]
[Black "Deckfuel"]
[Result "0-1"]
[WhiteElo "1889"]
[BlackElo "2015"]
[Opening "Dutch: Leningrad, main variation with c6"]
[ECO "A88"]
[Time "13:00:09"]
[TimeControl "2700+45"]

1. d4 f5 2. g3 Nf6 3. Bg2 g6 4. Nf3 Bg7 5. O-O O-O 6. c4 d6 7. Nc3 c6 8. d5 e5
9. dxe6 Bxe6 10. b3 Ne4 11. Nxe4 Bxa1 12. Nxd6 Qd7 13. Bh6 Bg7 14. Bxg7 Qxg7 15.
Qd4 Qxd4 16. Nxd4 Bc8 17. b4 Nd7 18. c5 Ne5 19. h3 Nf7 20. Nc4 Rd8 21. e3 Bd7
22. a4 Rac8 23. Na5 Rc7 24. b5 Rdc8 25. b6 axb6 26. cxb6 c5 27. Rc1 c4 28. bxc7
Rxc7 29. Nb5 Bxb5 30. axb5 Rc5 31. Rb1 b6 32. Nc6 Nd6 33. Nd4 c3 34. Bc6 Kf7 35.
Kf1 Kf6 36. Ke2 Nc4 37. Kd3 g5 38. Rc1 Nb2+ 39. Kc2 f4 40. Kb3 fxe3 41. fxe3 Re5
42. e4 Nd3 43. Rxc3 Nc5+ 44. Kc2 Nxe4 45. Re3 Rc5+ 46. Kb3 Nd2+ 47. Ka3 Nc4+
{White resigns} 0-1

[Event "Team 45 45 League T51"]
[Site "Internet Chess Club"]
[Date "2011.12.03"]
[Round "3"]
[White "otherook"]
[Black "rom1"]
[Result "1-0"]
[WhiteElo "1811"]
[BlackElo "1591"]
[Opening "English opening"]
[ECO "A20"]
[Time "15:00:56"]
[TimeControl "2700+45"]

1. c4 e5 2. g3 Nf6 3. Bg2 d5 4. cxd5 Nxd5 5. Nc3 Be6 6. Nf3 Nc6 7. Qa4 Nb6 8.
Qd1 Nd5 9. d3 Bb4 10. Bd2 O-O 11. O-O h6 12. Nxd5 Bxd2 13. Nxc7 Qxc7 14. Qxd2
Rfd8 15. Qc3 Qd6 16. Rfc1 Rac8 17. Qc5 Qb8 18. Qa3 Rd5 19. b3 Ra5 20. Qb2 Qd6
21. Nd2 f6 22. Nc4 Bxc4 23. Rxc4 Rc5 24. Rac1 Nd4 25. Bxb7 R8c7 26. Bg2 Ne6 27.
b4 Rb5 28. Rxc7 Nxc7 29. Qc3 Nd5 30. Qc4 a6 31. a4 Rxb4 32. Qxd5+ Qxd5 33. Bxd5+
Kf8 34. Rc4 Rb1+ 35. Kg2 Ke7 36. h4 Kd6 37. Be4 a5 38. Rc6+ Kd7 39. Ra6 Rb2 40.
Kf3 Kc7 41. Rxa5 Kb6 42. Rb5+ Rxb5 43. axb5 Kxb5 44. Kg4 Kc5 45. Kf5 Kd6 46. Kg6
Ke6 47. Bf5+ Kd5 48. Kxg7 {Black resigns} 1-0

[Event "Team 45 45 League T51"]
[Site "Internet Chess Club"]
[Date "2011.11.28"]
[Round "3"]
[White "oldsj"]
[Black "Razorbackchess"]
[Result "1/2-1/2"]
[WhiteElo "1444"]
[BlackElo "1726"]
[Opening "Sicilian defense"]
[ECO "B44"]
[Time "17:04:56"]
[TimeControl "2700+45"]

1. e4 c5 2. Nf3 e6 3. d4 cxd4 4. Nxd4 Nc6 5. Be3 Qc7 6. Bd3 a6 7. O-O b5 8. Nxc6
dxc6 9. Nd2 Bb7 10. Nf3 Bd6 11. Qe2 Nf6 12. c3 Ng4 13. h3 Nxe3 14. Qxe3 Bf4 15.
Qe2 O-O 16. Rad1 c5 17. c4 b4 18. Rfe1 g6 19. b3 Bc6 20. Bc2 Bh6 21. e5 Rfd8 22.
Be4 a5 23. Bxc6 Qxc6 24. Rxd8+ Rxd8 25. Rd1 Rd7 26. Rd3 a4 27. Qd1 Rxd3 28. Qxd3
axb3 29. axb3 Qc7 30. g4 Bf4 31. Qe4 g5 32. Qe2 Qa5 33. h4 Qa1+ 34. Kg2 h6 35.
hxg5 hxg5 36. Qe4 Qc3 37. Qa8+ Kg7 38. Qd8 Qxb3 39. Qf6+ Kf8 40. Qd8+ Kg7 41.
Qf6+ Kf8 42. Qd8+ Kg7 {Game drawn by repetition} 1/2-1/2

[Event "Team 45 45 League T51"]
[Site "Internet Chess Club"]
[Date "2011.11.27"]
[Round "3"]
[White "Invicta-Knight"]
[Black "smsxman"]
[Result "1-0"]
[WhiteElo "1459"]
[BlackElo "1433"]
[Opening "Center game: Paulsen attack"]
[ECO "C22"]
[Time "12:00:51"]
[TimeControl "2700+45"]

1. e4 e5 2. d4 exd4 3. Qxd4 Nc6 4. Qe3 d6 5. Nc3 Nf6 6. h3 Be7 7. Bd2 O-O 8.
O-O-O Bd7 9. Be2 b6 10. Qg3 g6 11. f4 Nd4 12. Bc4 Ne6 13. f5 Nh5 14. Qg4 Neg7
15. Qe2 Ng3 16. Qf3 Nxh1 17. Nge2 gxf5 18. exf5 Bxf5 19. Rxh1 Bg6 20. Bh6 Bg5+
21. Bxg5 Qxg5+ 22. Kb1 Qf5 23. Qg3 Qxc2+ 24. Ka1 Nf5 25. Qg5 Rae8 26. Rc1 Qxc1+
27. Nxc1 Re1 28. b3 Ne3 29. Kb2 Nxc4+ 30. bxc4 Re5 31. Qg3 Rfe8 32. Nd5 Kf8 33.
Qf4 Rf5 34. Qd4 Ree5 35. Nf4 Rg5 36. Ncd3 Bxd3 37. Qxd3 Kg8 38. Qf3 a5 39. h4
Rgf5 40. g4 Rc5 41. gxf5 {Black resigns} 1-0

[Event "Team 45 45 League T51"]
[Site "Internet Chess Club"]
[Date "2011.11.29"]
[Round "3"]
[White "stan-beers"]
[Black "Whalen"]
[Result "0-1"]
[WhiteElo "1483"]
[BlackElo "1616"]
[Opening "QGD: 4.Bg5 Nbd7"]
[ECO "D51"]
[Time "13:30:08"]
[TimeControl "2700+45"]

1. d4 Nf6 2. c4 e6 3. Nc3 d5 4. Bg5 Nbd7 5. Nf3 Bb4 6. cxd5 exd5 7. e3 c6 8. Bd3
O-O 9. O-O h6 10. Bh4 Re8 11. Rc1 a6 12. a3 Be7 13. b4 Nb6 14. Na4 Nxa4 15. Qxa4
Ne4 16. Bxe7 Rxe7 17. Qc2 Qd6 18. Ne5 Nf6 19. Qe2 Nd7 20. f4 a5 21. Qb2 f6 22.
Nxd7 Bxd7 23. Qd2 axb4 24. axb4 Rae8 25. Rfe1 f5 26. Bc2 Qg6 27. Bd1 Re6 28. Bf3
Qf7 29. Re2 Qe7 30. Rce1 Ra8 31. Qc3 b6 32. Rc2 Re8 33. Rce2 Bc8 34. g3 Ba6 35.
Kf2 Bxe2 36. Rxe2 Ra8 37. Bg2 Ra4 38. Bh3 g6 39. Qc2 Rxb4 40. Bxf5 gxf5 41. Qxf5
Rb3 42. Ra2 Qf7 43. Ra8+ Kg7 44. Ra7 Rb2+ 45. Kf3 Qxa7 46. Qxe6 Qf7 47. Qg4+ Kh7
48. Qc8 b5 49. g4 b4 50. Qxc6 b3 51. Qb6 Qe7 52. g5 Qe4+ 53. Kg4 Rg2+ 54. Kh4
hxg5+ 55. Kh5 Qf3# {White checkmated} 0-1

[Event "Team 45 45 League T51"]
[Site "Internet Chess Club"]
[Date "2011.11.25"]
[Round "3"]
[White "Grenadier"]
[Black "randallsr"]
[Result "1-0"]
[WhiteElo "1729"]
[BlackElo "1693"]
[Opening "French: advance, Milner-Barry gambit"]
[ECO "C02"]
[Time "08:00:19"]
[TimeControl "2700+45"]

1. e4 e6 2. d4 d5 3. e5 c5 4. c3 Qb6 5. Nf3 Nc6 6. Bd3 Bd7 7. dxc5 Bxc5 8. Qe2
h6 9. b4 Be7 10. O-O a6 11. Be3 Qd8 12. Nbd2 Bg5 13. Bc5 Bxd2 14. Nxd2 Nge7 15.
f4 g6 16. Nf3 Kf8 17. Nh4 Kg7 18. Qg4 h5 19. Qe2 Nf5 20. Nxf5+ exf5 21. Rad1 Be6
22. Bc2 Qc8 23. Bb3 Rd8 24. Bd6 Na7 25. Rf3 Nb5 26. Bc5 Qc6 27. a4 Na3 28. Be7
Rd7 29. b5 axb5 30. Bxa3 bxa4 31. Ba2 b5 32. Rfd3 Rad8 33. Qd2 Qb6+ 34. Kh1 d4
35. Bxe6 Qxe6 36. Rxd4 Rxd4 37. cxd4 Qb3 38. Bc5 a3 39. h3 a2 40. Ra1 Qb1+ 41.
Qc1 Qxc1+ 42. Rxc1 b4 43. Bxb4 Rxd4 44. Bd6 Rd2 45. Ra1 h4 46. Kg1 f6 47. exf6+
Kxf6 48. Be5+ Ke6 49. Re1 Kd5 50. Rc1 Ke4 51. Re1+ Kd3 52. Bf6 Kc2 53. Be5 Kd3
54. Kf1 Kc4 55. Bf6 Kd3 56. Be5 Kc4 57. Rc1+ Kd5 58. Kg1 Ke4 59. Kh2 Kd5 60. Rc8
Ke4 61. Ra8 Rc2 62. Ra6 Kd5 63. Rxg6 Ke4 64. Ra6 Kd5 65. Bf6 Ke4 66. Ra4+ Kd5
67. Bxh4 Rc4 68. Rxa2 Rxf4 69. g3 Rc4 70. Rf2 Ke4 71. Rf4+ Kd5 72. Rxc4 Kxc4 73.
Kg2 Kd5 74. Kf3 {Black resigns} 1-0

[Event "Team 45 45 League T51"]
[Site "Internet Chess Club"]
[Date "2011.11.28"]
[Round "3"]
[White "Sirian"]
[Black "zepled37"]
[Result "1/2-1/2"]
[WhiteElo "1569"]
[BlackElo "1639"]
[Opening "Bird's opening: Lasker variation"]
[ECO "A03"]
[Time "20:04:12"]
[TimeControl "2700+45"]

1. f4 d5 2. Nf3 Nf6 3. e3 c5 4. Bb5+ Nc6 5. b3 Bd7 6. Bxc6 Bxc6 7. Bb2 e6 8. O-O
Be7 9. a4 O-O 10. Qe1 Qc7 11. Qg3 Rfd8 12. Ne5 Rac8 13. Nc3 a6 14. Ne2 Ne4 15.
Qe1 Bf8 16. d3 Nd6 17. Qg3 Nf5 18. Qh3 {Game drawn by mutual agreement} 1/2-1/2

[Event "Team 45 45 League T51"]
[Site "Internet Chess Club"]
[Date "2011.11.25"]
[Round "3"]
[White "bmw2002"]
[Black "werty"]
[Result "1-0"]
[WhiteElo "1584"]
[BlackElo "1517"]
[Opening "English opening"]
[ECO "A20"]
[Time "07:09:38"]
[TimeControl "2700+45"]

1. c4 e5 2. g3 g6 3. Bg2 Bg7 4. Nc3 Nf6 5. e4 c5 6. Nge2 O-O 7. O-O b6 8. d3 d6
9. f4 Nc6 10. f5 Ne7 11. g4 Nxg4 12. Ng3 Nf6 13. h4 gxf5 14. exf5 Rb8 15. Nce4
Nxe4 16. Bxe4 f6 17. Qg4 Kf7 18. Qh5+ Kg8 19. Kh2 Qe8 20. Qg4 Qf7 21. Rg1 Kh8
22. Rg2 Rg8 23. Qf3 Bd7 24. Bd2 Be8 25. Rag1 h5 26. Qe2 Kh7 27. Bf3 Qf8 28. Bxh5
Bh6 29. Bxe8 Rxe8 30. Qh5 d5 31. cxd5 Nxd5 32. Ne4 Rxg2+ 33. Rxg2 Nf4 34. Bxf4
exf4 35. Qxe8 Qxe8 36. Nxf6+ {Black resigns} 1-0

[Event "Team 45 45 League T51"]
[Site "Internet Chess Club"]
[Date "2011.11.28"]
[Round "3"]
[White "dscvdchk"]
[Black "GoIrish"]
[Result "0-1"]
[WhiteElo "1414"]
[BlackElo "1613"]
[Opening "King's Indian: Petrosian system"]
[ECO "E92"]
[Time "21:00:50"]
[TimeControl "2700+45"]

1. d4 Nf6 2. c4 g6 3. Nc3 Bg7 4. e4 d6 5. Nf3 O-O 6. Be2 e5 7. d5 Na6 8. a3 Nc5
9. Qc2 a5 10. O-O Ne8 11. Ne1 f5 12. f3 f4 13. Nd3 Nxd3 14. Bxd3 g5 15. g3 h5
16. Qg2 Bd7 17. Re1 Qc8 18. Bf1 g4 19. Bd2 gxf3 20. Qxf3 Bg4 21. Qd3 f3 22. Kf2
Nf6 23. Bg5 Bh3 24. Rec1 Bxf1 25. Qxf1 Qg4 26. Bxf6 Rxf6 27. h3 Qg5 28. Rd1 Bh6
29. Qe1 Raf8 30. Rd3 Rg6 31. Qg1 Qf6 32. Nd1 h4 33. g4 Qf4 34. b3 Qxe4 35. Qf1
Qf4 36. Qg1 e4 37. Re3 Qf6 38. Rc3 e3+ 39. Rxe3 Qxa1 40. Rxf3 Qd4+ 41. Kg2 Qxg1+
{White resigns} 0-1

[Event "Team 45 45 League T51"]
[Site "Internet Chess Club"]
[Date "2011.11.26"]
[Round "3"]
[White "chiiwen"]
[Black "Pason"]
[Result "1-0"]
[WhiteElo "2185"]
[BlackElo "2054"]
[Opening "Dutch: classical variation"]
[ECO "A96"]
[Time "12:04:26"]
[TimeControl "2700+45"]

1. Nf3 e6 2. d4 f5 3. c4 Nf6 4. g3 Be7 5. Bg2 O-O 6. O-O d6 7. Nc3 a5 8. b3 Qe8
9. Bb2 Qh5 10. Ne1 Nbd7 11. Nd3 g5 12. e4 Qxd1 13. Rfxd1 Re8 14. exf5 exf5 15.
Nb5 Bd8 16. a4 Nf8 17. Rac1 Rb8 18. d5 Kf7 19. c5 Ne4 20. cxd6 cxd6 21. Bxe4
fxe4 22. Nxd6+ Ke7 23. Nxc8+ Kd7 24. Nc5+ Kxc8 25. Na6+ {Black resigns} 1-0

[Event "Team 45 45 League T51"]
[Site "Internet Chess Club"]
[Date "2011.12.04"]
[Round "3"]
[White "koni"]
[Black "gaibo4ever"]
[Result "0-1"]
[WhiteElo "1880"]
[BlackElo "2115"]
[Opening "Sicilian: dragon, Yugoslav attack, 9...Bd7"]
[ECO "B77"]
[Time "13:03:50"]
[TimeControl "2700+45"]

1. e4 c5 2. Nf3 d6 3. d4 cxd4 4. Nxd4 Nf6 5. Nc3 g6 6. Be3 Bg7 7. f3 Nc6 8. Qd2
O-O 9. Bc4 Bd7 10. h4 Ne5 11. Bb3 h5 12. O-O-O Rc8 13. Bh6 Bxh6 14. Qxh6 Rxc3
15. bxc3 Qc7 16. Kb1 Rc8 17. g4 a5 18. Nf5 Bxf5 19. exf5 Qxc3 20. fxg6 Nc4 21.
gxf7+ Kxf7 22. Qc1 e6 23. Rd3 Qb4 24. Ka1 a4 25. Bxc4 Qxc4 26. g5 Nd5 27. g6+
Kg7 28. Qb2+ Kg8 29. Qxb7 Rc7 30. Qb8+ Kg7 31. Qb2+ Kg8 32. Rhd1 Qc6 33. Re1 Rb7
34. Qc1 Nb4 35. Ree3 Nxc2+ {White resigns} 0-1

[Event "Team 45 45 League T51"]
[Site "Internet Chess Club"]
[Date "2011.11.29"]
[Round "3"]
[White "NJSKing"]
[Black "poni"]
[Result "1/2-1/2"]
[WhiteElo "1901"]
[BlackElo "1895"]
[Opening "Philidor: Improved Hanham variation"]
[ECO "B07"]
[Time "01:30:57"]
[TimeControl "2700+45"]

1. e4 d6 2. d4 Nf6 3. Nc3 e5 4. Nf3 Nbd7 5. Bc4 Be7 6. g4 g6 7. h3 c6 8. Bh6 Nb6
9. Bb3 exd4 10. Nxd4 Qc7 11. Qf3 Nbd7 12. O-O-O Ne5 13. Qe2 {Game drawn by
mutual agreement} 1/2-1/2

[Event "Team 45 45 League T51"]
[Site "Internet Chess Club"]
[Date "2011.11.29"]
[Round "3"]
[White "pkktet"]
[Black "martineden"]
[Result "0-1"]
[WhiteElo "1812"]
[BlackElo "1888"]
[Opening "King's pawn opening"]
[ECO "B07"]
[Time "10:28:09"]
[TimeControl "2700+45"]

1. e4 d6 2. d4 g6 3. Nf3 Bg7 4. h3 c5 5. d5 Nf6 6. Nc3 O-O 7. Be2 b5 8. Bxb5
Nxe4 9. Nxe4 Qa5+ 10. Nc3 Bxc3+ 11. bxc3 Qxb5 12. Bh6 Re8 13. Qd3 Ba6 14. Qxb5
Bxb5 15. Nd2 e6 16. dxe6 Rxe6+ 17. Be3 d5 18. O-O-O Nd7 19. Nb3 Bc4 20. Nxc5
Nxc5 21. Bxc5 Bxa2 22. Rhe1 a5 23. Rxe6 fxe6 24. Kd2 Bc4 25. Rb1 a4 26. Ba3 Ra7
27. Ke3 Kf7 28. Bc5 Rc7 29. Ba3 Ba2 30. Rb4 Rxc3+ {White resigns} 0-1

[Event "Team 45 45 League T51"]
[Site "Internet Chess Club"]
[Date "2011.11.27"]
[Round "3"]
[White "Chess-Dream"]
[Black "QueensCounselor"]
[Result "0-1"]
[WhiteElo "2064"]
[BlackElo "2163"]
[Opening "Grünfeld with e3 & Qb3"]
[ECO "D95"]
[Time "14:00:30"]
[TimeControl "2700+45"]

1. d4 Nf6 2. c4 g6 3. Nc3 d5 4. Nf3 Bg7 5. e3 O-O 6. Qb3 c6 7. Bd2 e6 8. Bd3 b6
9. cxd5 exd5 10. Qa3 Re8 11. O-O Nbd7 12. Rfd1 Bb7 13. Na4 Ne4 14. Be1 Rc8 15.
Rac1 Kh8 16. b4 f5 17. Rc2 Qe7 18. Nb2 a5 19. Rdc1 Bf8 20. Qb3 axb4 21. Na4 b5
22. Nc5 Ndxc5 23. dxc5 Ra8 24. Bxb4 Ra4 25. Nd4 Rc8 26. a3 Qf7 27. f3 Nf6 28. e4
fxe4 29. fxe4 Bh6 30. Re1 Ng4 31. Nxb5 Qf4 32. Nd6 Qxh2+ 33. Kf1 Rf8+ 34. Ke2
Qxg2+ 35. Kd1 Nf2+ 36. Rxf2 Rxf2 37. Nf7+ Rxf7 38. Bc3+ Kg8 39. Qxa4 Rf2 40. Qa5
Qf3+ 41. Be2 Qe3 42. Bd2 Qb3+ 43. Kc1 Bxd2+ 44. Kxd2 dxe4 45. Qd8+ Rf8 46. Qd4
e3+ 47. Kc1 Qxa3+ 48. Kc2 Qa2+ 49. Kc1 Qa3+ 50. Kb1 Qb3+ 51. Kc1 Qa3+ 52. Kb1
Ba6 53. Bc4+ Bxc4 54. Qxc4+ Rf7 55. Rf1 Qa7 56. Rd1 Qe7 57. Rd6 e2 {White
resigns} 0-1

[Event "Team 45 45 League T51"]
[Site "Internet Chess Club"]
[Date "2011.11.27"]
[Round "3"]
[White "fledermaus"]
[Black "Legal"]
[Result "1/2-1/2"]
[WhiteElo "1967"]
[BlackElo "2021"]
[Opening "QGD: Chigorin defense"]
[ECO "D07"]
[Time "18:00:38"]
[TimeControl "2700+45"]

1. d4 d5 2. c4 Nc6 3. Nc3 e5 4. cxd5 Nxd4 5. e3 Nf5 6. Nf3 Bd6 7. Bb5+ Kf8 8.
O-O Nh4 9. e4 Bg4 10. Be2 a6 11. Kh1 Nxf3 12. Bxf3 Bxf3 13. Qxf3 Qh4 14. Qg3
Qxg3 15. hxg3 h5 16. f3 Ke7 17. Be3 Nf6 18. Kg1 Nd7 19. Rac1 Rac8 20. Na4 f6 21.
Rc2 g5 22. Nc5 Nxc5 23. Bxc5 Kd7 24. Rfc1 Rhd8 25. Kf2 Bxc5+ 26. Rxc5 Kd6 27. b4
Rh8 28. Rh1 c6 29. Rd1 cxd5 30. Rcxd5+ Ke6 31. Rd7 Rc6 32. Rxb7 Rhc8 33. Rdd7
Rc2+ 34. Kg1 Rxa2 35. Re7+ Kd6 36. Rf7 Ke6 37. Rfe7+ Kd6 38. Rf7 Ke6 {Game drawn
by mutual agreement} 1/2-1/2

[Event "Team 45 45 League T51"]
[Site "Internet Chess Club"]
[Date "2011.11.25"]
[Round "3"]
[White "LucaTrapani"]
[Black "jonesey"]
[Result "1-0"]
[WhiteElo "1886"]
[BlackElo "1948"]
[Opening "Sicilian: accelerated fianchetto, Breyer variation"]
[ECO "B39"]
[Time "07:01:05"]
[TimeControl "2700+45"]

1. e4 c5 2. Nf3 g6 3. d4 cxd4 4. Nxd4 Nc6 5. c4 Bg7 6. Be3 Nf6 7. Nc3 Ng4 8.
Qxg4 Nxd4 9. Qd1 Nc6 10. Qd2 d6 11. Be2 Be6 12. O-O O-O 13. Bh6 Qa5 14. Bxg7
Kxg7 15. a3 a6 16. b4 Qe5 17. Rad1 f5 18. f4 Qf6 19. Nd5 Qf7 20. Qc3+ Kg8 21.
Nc7 Rac8 22. Nxe6 Qxe6 23. c5 Qxe4 24. Bc4+ Rf7 25. Rfe1 Qxf4 26. g3 Qg5 27.
cxd6 exd6 28. Rxd6 f4 29. Rd7 Rf8 30. Rxf7 {Black resigns} 1-0

[Event "Team 45 45 League T51"]
[Site "Internet Chess Club"]
[Date "2011.11.24"]
[Round "3"]
[White "civilization"]
[Black "Zekrom"]
[Result "1-0"]
[WhiteElo "1813"]
[BlackElo "1819"]
[Opening "Sicilian: Alapin's variation (2.c3)"]
[ECO "B22"]
[Time "16:01:24"]
[TimeControl "2700+45"]

1. e4 c5 2. c3 d5 3. exd5 Qxd5 4. d4 e5 5. dxe5 Qxe5+ 6. Be2 Bg4 7. Be3 Bxe2 8.
Nxe2 Nc6 9. Bf4 Qf5 10. O-O Be7 11. Na3 Nf6 12. Nc4 O-O 13. Qb3 Nh5 14. Ne3 Qc8
15. Rad1 Nxf4 16. Nxf4 Bg5 17. Nfd5 b6 18. Rfe1 Re8 19. Qb5 Qb7 20. Nf5 Rad8 21.
Rxe8+ Rxe8 22. Nd6 a6 23. Qa4 b5 24. Qg4 {Black resigns} 1-0

[Event "Team 45 45 League T51"]
[Site "Internet Chess Club"]
[Date "2011.11.25"]
[Round "3"]
[White "tryanything"]
[Black "BrerRabbit"]
[Result "1-0"]
[WhiteElo "1576"]
[BlackElo "1488"]
[Opening "Pirc defense"]
[ECO "B07"]
[Time "18:55:21"]
[TimeControl "2700+45"]

1. e4 d6 2. d4 Nf6 3. Bd3 e5 4. Ne2 exd4 5. Nxd4 g6 6. Nc3 Bg7 7. Bd2 Nxe4 8.
Nxe4 Bxd4 9. c3 Bg7 10. Qe2 O-O 11. O-O-O Re8 12. Qf3 Nc6 13. Bg5 Ne7 14. Nf6+
Bxf6 15. Bxf6 Qd7 16. Rhe1 Nf5 17. Bxf5 Rxe1 18. Bxd7 Rxd1+ 19. Kxd1 Bxd7 20.
Qf4 {Black resigns} 1-0

[Event "Team 45 45 League T51"]
[Site "Internet Chess Club"]
[Date "2011.11.28"]
[Round "3"]
[White "dscvdchk"]
[Black "nanning"]
[Result "0-1"]
[WhiteElo "1422"]
[BlackElo "1505"]
[Opening "QGD Slav: Krause attack"]
[ECO "D17"]
[Time "12:06:53"]
[TimeControl "2700+45"]

1. d4 d5 2. c4 c6 3. Nf3 Nf6 4. Nc3 dxc4 5. a4 Bf5 6. Ne5 Nbd7 7. Nxc4 e6 8. f3
Nb6 9. e4 Bg6 10. Ne5 Bb4 11. Nxg6 hxg6 12. Be2 Qc7 13. Qb3 a5 14. Be3 Rxh2 15.
Rxh2 Qxh2 16. Bf1 Qh4+ 17. Bf2 Qf4 18. Ke2 Nh5 19. Ke1 Rd8 20. Qc2 Ng3 21. Qc1
Qxc1+ 22. Rxc1 Nxf1 23. Kxf1 Bxc3 24. Rxc3 Nxa4 25. Ra3 Nxb2 26. Rxa5 Nd3 27.
Be3 b5 28. Ke2 Nb2 29. Ra6 Rc8 30. Ra7 Nc4 31. Bf2 Kf8 32. Be1 f6 33. Bb4+ Kg8
34. Bc5 Nb2 35. Kd2 Na4 36. Bb4 Nb6 37. Kd3 Nc4 38. Bc5 Kh7 39. Be7 Kh6 40. Bc5
g5 41. g3 e5 42. g4 exd4 43. Kxd4 Rd8+ 44. Kc3 Ne5 45. Rc7 Rd3+ 46. Kb4 Rd7 47.
Rc8 Nxf3 48. Rc7 {White resigns} 0-1

[Event "Team 45 45 League T51"]
[Site "Internet Chess Club"]
[Date "2011.11.25"]
[Round "3"]
[White "JohLeb"]
[Black "PsyMar"]
[Result "1-0"]
[WhiteElo "1484"]
[BlackElo "1362"]
[Opening "King's Indian: 4.e4"]
[ECO "E70"]
[Time "12:54:07"]
[TimeControl "2700+45"]

1. d4 Nf6 2. c4 g6 3. Nc3 Bg7 4. e4 d6 5. Bd3 O-O 6. Nge2 e5 7. d5 Ne8 8. f4 c5
9. O-O Nd7 10. Ng3 exf4 11. Bxf4 Ne5 12. Rc1 Nxd3 13. Qxd3 f5 14. exf5 Bxf5 15.
Nxf5 Rxf5 16. b3 Nf6 17. Nb5 Ne8 18. Qe4 Qa5 19. Rc2 Rd8 20. Qe6+ Kh8 21. Nxd6
Nxd6 22. Bxd6 Rxf1+ 23. Kxf1 Bf8 24. Be5+ Bg7 25. Bxg7+ Kxg7 26. Rf2 Rf8 27.
Qe7+ {Black resigns} 1-0

[Event "Team 45 45 League T51"]
[Site "Internet Chess Club"]
[Date "2011.11.27"]
[Round "3"]
[White "Skylab"]
[Black "jjaillet2007"]
[Result "1-0"]
[WhiteElo "1389"]
[BlackElo "1317"]
[Opening "Queen's gambit declined"]
[ECO "D30"]
[Time "15:00:25"]
[TimeControl "2700+45"]

1. d4 d5 2. c4 e6 3. e3 c5 4. Nf3 Nc6 5. Nc3 Nf6 6. Bd3 Bd6 7. dxc5 Bxc5 8. O-O
O-O 9. a3 e5 10. cxd5 Nxd5 11. Nxd5 Bg4 12. b4 Bb6 13. Be4 f5 14. Nxb6 Qxb6 15.
Bxc6 Qxc6 16. Qb3+ Kh8 17. Nxe5 Qe8 18. Nxg4 fxg4 19. Bb2 Rd8 20. Rad1 Rxd1 21.
Rxd1 b6 22. Qc4 h5 23. Rd6 Qe7 24. Rh6# {Black checkmated} 1-0

[Event "Team 45 45 League T51"]
[Site "Internet Chess Club"]
[Date "2011.11.26"]
[Round "3"]
[White "oldprez"]
[Black "Constrictor"]
[Result "1/2-1/2"]
[WhiteElo "1471"]
[BlackElo "1673"]
[Opening "Caro-Kann defense"]
[ECO "B10"]
[Time "11:00:31"]
[TimeControl "2700+45"]

1. e4 c6 2. Nf3 d5 3. exd5 cxd5 4. d4 Nf6 5. Nc3 Bf5 6. Bb5+ Nbd7 7. Ne5 a6 8.
Bxd7+ Bxd7 9. Nxd7 Qxd7 10. O-O e6 11. Bf4 Bb4 12. Qd3 Rc8 13. Ne2 O-O 14. c3
Bd6 15. Rfe1 b5 16. Rac1 Qc7 17. Bxd6 Qxd6 18. Qg3 Ne4 19. Qxd6 Nxd6 20. Nf4 Rc7
21. h3 Rfc8 22. a3 a5 23. Nd3 Kf8 24. f3 Rc6 25. Nc5 R8c7 26. Kf2 Nb7 27. Nxb7
Rxb7 28. f4 Rbc7 29. f5 b4 30. axb4 axb4 31. fxe6 fxe6 32. Re3 Ke7 33. h4 Rc4
34. Rce1 R7c6 35. Re5 bxc3 36. bxc3 Rxc3 37. Rxd5 Rc2+ 38. Kg3 R6c3+ 39. Kh2 Rd2
40. Rde5 Rxd4 41. Rxe6+ Kf7 42. R6e4 Rxe4 43. Rxe4 Kg6 {Game drawn by mutual
agreement} 1/2-1/2

[Event "Team 45 45 League T51"]
[Site "Internet Chess Club"]
[Date "2011.11.26"]
[Round "3"]
[White "FractalDante"]
[Black "doublepar"]
[Result "0-1"]
[WhiteElo "1394"]
[BlackElo "1519"]
[Opening "French: exchange variation"]
[ECO "C01"]
[Time "09:00:47"]
[TimeControl "2700+45"]

1. e4 e6 2. d4 d5 3. exd5 exd5 4. Nf3 Nc6 5. Be2 Nf6 6. O-O Bd6 7. Bg5 O-O 8. c4
Be7 9. Nc3 a6 10. a3 dxc4 11. Bxc4 Bg4 12. Be2 Bxf3 13. Bxf3 Qd7 14. Qd2 h6 15.
Be3 Na5 16. Rad1 Nc4 17. Qc2 Nxe3 18. fxe3 c6 19. Ne4 Rfe8 20. Qf2 Nxe4 21. Bxe4
Bg5 22. Qf3 Qe7 23. Bc2 Qxe3+ 24. Kh1 Re7 25. Qf5 g6 26. Qd3 Rae8 27. g3 Qxd3
28. Bxd3 Rd8 29. Bc4 Kg7 30. h4 Bf6 31. d5 b5 32. Bb3 cxd5 33. Rxd5 Rxd5 34.
Bxd5 Bxb2 35. a4 b4 36. Bc4 a5 37. Kg2 f5 38. Rf2 Bc3 39. Re2 Rxe2+ 40. Bxe2 b3
41. Bd3 Kf6 42. Kf3 Ke5 43. g4 Kd4 44. Bb1 Kc4 45. gxf5 gxf5 46. Bxf5 Kb4 47.
Ke2 Kxa4 48. Kd3 Kb4 {White resigns} 0-1

[Event "Team 45 45 League T51"]
[Site "Internet Chess Club"]
[Date "2011.11.28"]
[Round "3"]
[White "radiohead"]
[Black "Kiter"]
[Result "0-1"]
[WhiteElo "1374"]
[BlackElo "1391"]
[Opening "Giuoco Pianissimo: Italian four knights variation"]
[ECO "C47"]
[Time "21:00:22"]
[TimeControl "2700+45"]

1. e4 e5 2. Nf3 Nf6 3. Nc3 Nc6 4. Bc4 Bc5 5. d3 O-O 6. O-O d6 7. h3 Be6 8. Bxe6
fxe6 9. Re1 Nh5 10. Na4 Bxf2+ 11. Kxf2 Qh4+ 12. Kg1 Rxf3 13. gxf3 Qg3+ 14. Kf1
Qxh3+ 15. Ke2 Nd4+ 16. Ke3 Ng3 17. c3 Qh6+ 18. Kf2 Qh2+ 19. Ke3 Ndf5+ {White
resigns} 0-1

[Event "Team 45 45 League T51"]
[Site "Internet Chess Club"]
[Date "2011.11.27"]
[Round "3"]
[White "alaskauk"]
[Black "SirIvanhoe"]
[Result "1/2-1/2"]
[WhiteElo "1498"]
[BlackElo "1503"]
[Opening "Caro-Kann: advance variation"]
[ECO "B12"]
[Time "14:00:32"]
[TimeControl "2700+45"]

1. e4 c6 2. d4 d5 3. e5 Bf5 4. Nf3 e6 5. Be2 c5 6. Be3 Qb6 7. b3 Nc6 8. O-O cxd4
9. Nxd4 Nxd4 10. Bxd4 Bc5 11. Bxc5 Qxc5 12. Bd3 Ne7 13. Qf3 Qd4 14. Bb5+ Nc6 15.
Bxc6+ bxc6 16. Qc3 Qxc3 17. Nxc3 Bxc2 18. Rfc1 Bg6 19. Na4 Rc8 20. Rc5 Rc7 21.
Rac1 Kd7 22. R5c3 Rhc8 23. Nc5+ Kd8 24. Na6 Rb7 25. Nc5 Rbc7 26. f3 h6 27. Kf2
Re7 28. Ke3 Rec7 29. Na6 {Game drawn by mutual agreement} 1/2-1/2

[Event "Team 45 45 League T51"]
[Site "Internet Chess Club"]
[Date "2011.11.26"]
[Round "3"]
[White "LeanSixSigma"]
[Black "Tjet"]
[Result "0-1"]
[WhiteElo "1391"]
[BlackElo "1445"]
[Opening "King's pawn opening"]
[ECO "B07"]
[Time "16:02:02"]
[TimeControl "2700+45"]

1. e4 d6 2. d4 e5 3. c3 exd4 4. cxd4 g6 5. Be3 Bg7 6. Bc4 Nf6 7. Nc3 c6 8. Bg5
O-O 9. Nge2 Qa5 10. Bd2 Qd8 11. Bg5 b5 12. Bd3 Nbd7 13. O-O Qb6 14. h3 h6 15.
Be3 a6 16. e5 Ne8 17. d5 Qc7 18. dxc6 Nxe5 19. Nd5 Qd8 20. Bb6 Qh4 21. Nef4 Nxd3
22. Qxd3 Bf5 23. Qe3 Be5 24. g3 Bxf4 25. gxh4 Bxe3 26. fxe3 Kg7 27. Bd4+ f6 28.
c7 Rf7 29. Rac1 Rc8 30. Bb6 Be6 31. e4 Bxd5 32. exd5 Re7 33. Rce1 Kf7 34. Re6
Rxe6 35. dxe6+ Kxe6 36. Re1+ Kd7 37. b4 Nxc7 38. Bxc7 Rxc7 39. Re2 Rc4 40. Rg2
g5 41. hxg5 hxg5 42. Rf2 Ke7 43. Re2+ Kf7 44. Rd2 Rc6 45. a3 Kg6 46. Kg2 f5 47.
Rd3 Kf6 48. Kg3 Ke5 49. Re3+ Kd4 50. Re6 Rc3+ 51. Kg2 Kd5 52. Rg6 Rxa3 53. Rxg5
Ke5 54. h4 Kf6 55. Rg8 a5 56. bxa5 Rxa5 57. h5 Ra7 58. Rg6+ Ke5 59. h6 Rh7 60.
Kf3 b4 61. Ke3 b3 62. Kd3 f4 63. Rg5+ Kf6 64. Rb5 Rxh6 65. Ke4 Rh4 66. Rxb3 f3+
67. Kd5 Rf4 68. Rb1 f2 69. Rf1 Kg5 70. Kxd6 Kg4 71. Ke5 Kg3 {White resigns} 0-1